 Dungeon Crawl Stone Soup version 0.22-a0-223-g0f5d773 (webtiles) character file.

15 4thArraOfDagon the Vexing (level 2, -3/20 HPs)
             Began as an Octopode Arcane Marksman on Feb 18, 2018.
             Killed from afar by an orc wizard (13 damage)
             ... with a puff of flame
             ... on level 4 of the Dungeon.
             The game lasted 00:00:41 (112 turns).

4thArraOfDagon the Vexing (Octopode Arcane Marksman) Turns: 112, Time: 00:00:42

Health: -3/20      AC:  1    Str:  9    XL:     2   Next: 50%
Magic:  3/3        EV: 13    Int: 15    God:
Gold:   0          SH:  0    Dex: 12    Spells: 2/3 levels left

rFire    . . .     SeeInvis .   (no weapon)
rCold    . . .     Gourm    .   (no shield)
rNeg     . . .     Faith    .   (helmet restricted)
rPois    .         Spirit   .   (no amulet)
rElec    .         Reflect  .   (no ring)
rCorr    .         Harm     .   (no ring)
MR       .....                  (no ring)
Stlth    ++........             (no ring)
HPRegen  0.06/turn              (no ring)
MPRegen  0.08/turn              (no ring)
                                (no ring)
                                (no ring)

@: no status effects
A: almost no armour, stealthy swim, amphibious, 8 rings, constrict 8, camouflage
1, gelatinous body 1
a: no special abilities


You were on level 4 of the Dungeon.
You were not hungry.

You visited 1 branch of the dungeon, and saw 3 of its levels.

Inventory:

Missiles
 b - 5 javelins (quivered)
 c - 2 throwing nets
Scrolls
 d - a scroll of amnesia {unknown}
Comestibles
 a - a ration


   Skills:
 + Level 2.4 Fighting
 - Level 2.0 Throwing
 - Level 2.0 Dodging
 - Level 1.0 Spellcasting
 - Level 3.0 Hexes


You had 2 spell levels left.
You knew the following spells:

 Your Spells              Type           Power        Failure   Level  Hunger
a - Corona                Hex            #......      7%          1    ##.....


Dungeon Overview and Level Annotations

Branches:
Dungeon (2/15)

Altars:
Ashenzari


Innate Abilities, Weirdness & Mutations

You cannot wear most types of armour.
You are very stealthy in the water. (Stealth+)
You are amphibious.
You can wear up to eight rings at the same time.
You can use your tentacles to constrict eight enemies at once.
Your skin changes colour to match your surroundings (Stealth+).
Your rubbery body absorbs attacks. (AC +1, EV +1)


Message History

The giant cockroach bites you.
You barely miss the giant cockroach.
You kill the giant cockroach!
A rat comes into view.
You catch the helpless rat completely off-guard!
You tentacle-slap the rat.
You kill the rat!
You see here a rat corpse.
You fall through a shaft for 2 floors!
The shaft crumbles and collapses.
An orc, an orc priest and an orc wizard come into view.
The orc shouts!
The orc wizard shouts!
The orc priest shouts!
Found 7 arrows.
Unknown command.
Unknown command.
Unknown command.
The orc wizard casts a spell at you. The puff of flame hits you!
Ouch! That really hurt!
You die...

#o#.# #o#.#
#o#.#######
#.........#
#.........#
#.........#
#.........#
#.........#
#.@.(.....#
#.........#
#.#.#######
#.#.# #.#.#
#.#.# ..#..
## ##


You could see an orc wizard and an orc.

Vanquished Creatures
  An adder (D:2)
  3 bats
  A giant cockroach (D:2)
  A frilled lizard (D:2)
  A rat (D:2)
7 creatures vanquished.

Notes
Turn   | Place    | Note
-------+----------+-------------------------------------------
     0 | D:1      | 4thArraOfDagon the Octopode Arcane Marksman began the quest for the Orb.
     0 | D:1      | Reached XP level 1. HP: 13/13 MP: 2/2
    43 | D:2      | Found a shattered altar of Ashenzari.
    72 | D:2      | Reached XP level 2. HP: 10/20 MP: 3/3
   107 | D:2      | You fall through a shaft for 2 floors!
   112 | D:4      | Killed from afar by an orc wizard

Vault maps used:
D:1:      dpeg_arrival_rooms_a, minmay_lizard_pond
D:2:      evilmike_ruin_ashenzari
D:4:      temple_green, first_ration

Skill      XL: |  1 |
---------------+----+-----
Fighting       | 2 |  2.4
Throwing       | |  2.0
Dodging        | |  2.0
Spellcasting   | |  1.0
Hexes          | |  3.0

Action                   || total
-------------------------++-------
Melee: Unarmed           ||    22
       Constrict         ||     7
       Tentacles         ||     2
Throw: Javelin           ||     3
       Throwing net      ||     1
 Stab: Sleeping          ||     1
       Distracted        ||     1
Armor: Skin              ||     8
Dodge: Dodged            ||    19

Table legend:
 A = Spawn XP
 B = Non-spawn XP
 C = Spawn XP percentage of total XP
 D = Spawn monster count
 E = Non-spawn monster count
 F = Spawn count percentage of total count
 G = Total turns spent on level
                    A         B        C        D         E        F      G
               +---------+---------+-------+---------+---------+-------+---------
         Total |       0 |      22 |   0.0 |       0 |       7 |   0.0 |   112
               +---------+---------+-------+---------+---------+-------+---------
           D:1 |       0 |       4 |   0.0 |       0 |       2 |   0.0 |    43
           D:2 |       0 |      18 |   0.0 |       0 |       5 |   0.0 |    64
               +---------+---------+-------+---------+---------+-------+---------
